Unix NetHack Version 3.7.0-83 Work-in-progress - last build Apr 28 2023 22:06:38 (2625824c38750939014cf799bb7ff71c9e9c2d48,branch:master). Game began 2023-04-29 19:28:47, ended 2023-05-01 17:10:05. MaestroSpook, lawful female human Monk -------------------------- |.......********........>| |.----------------......*| |%| ------.------- |.| |...........| |.| |0.........0| |.| |----.-------- |%| |...........%| |.| |............| |.|------ --------.----- |@|e$rY$|-- |....00....| |[|:Sq$.+.| |....00.0.%| |[|G.m..|-| --...000...| |.%:$$$$-?| ----.------- --|.Y$$$|-| |........| |$h$$h-.| |........| |$$$$$|-- ------...| ------- ----- MaestroSpook the Initiate St:25 Dx:9 Co:16 In:10 Wi:12 Ch:8 Lawful Dlvl:3 $:276 HP:0(68) Pw:2(44) AC:5 Xp:9/5061 T:7749 Latest messages: The jaguar bites! You hit the jaguar! The jaguar hits! The jaguar hits again! The jaguar bites! You are beginning to feel hungry. You miss the jaguar. The jaguar hits! The jaguar hits again! The jaguar bites! The jaguar swings wildly and misses! In what direction? You feel better. In what direction? You feel better. What do you want to eat? [giS or ?*] This lichen corpse tastes delicious! You finish eating the lichen corpse. You hit the jaguar! The jaguar hits! The jaguar hits again! The jaguar bites! You kill the jaguar! Pick an object. You see here a jaguar corpse. You hit the giant bat! The giant bat misses! You kill the giant bat! S - an effervescent potion. Pick an object. You kill the newt! You see here a newt corpse. You see here a giant ant corpse. The ochre jelly engulfs you! You are covered in slime! It burns! You hit the ochre jelly. You are covered in slime! It burns! You hit the ochre jelly. You are splashed by the ochre jelly's acid! Your pick-axe corrodes! You are covered in slime! It burns! You hit the ochre jelly. You hit the ochre jelly. You hit the ochre jelly. You are splashed by the ochre jelly's acid! Your pick-axe corrodes further! You kill the ochre jelly! You see here a giant ant corpse. You are splashed by the ochre jelly's acid! You die... Inventory: Coins ('$') $ - 276 gold pieces Weapons (')') Y - an uncursed +0 dwarvish spear Armor ('[') o - an uncursed +0 helm of telepathy (being worn) n - an uncursed +0 pair of gauntlets of power (being worn) b - an uncursed +1 robe (being worn) Comestibles ('%') g - 10 uncursed food rations i - an uncursed lizard corpse Scrolls ('?') r - 4 uncursed scrolls of blank paper C - an uncursed scroll of confuse monster E - 2 uncursed scrolls of destroy armor a - an uncursed scroll of earth e - a cursed scroll of enchant armor t - 2 cursed scrolls of enchant armor B - a blessed scroll of fire w - an uncursed scroll of gold detection N - a blessed scroll of identify q - 3 uncursed scrolls of identify X - an uncursed scroll of light d - 2 blessed scrolls of magic mapping z - an uncursed scroll of remove curse y - a cursed scroll of teleportation Spellbooks ('+') c - a blessed spellbook of healing Potions ('!') A - an uncursed potion of extra healing k - an uncursed potion of fruit juice D - an uncursed potion of full healing R - an uncursed potion of gain ability S - an uncursed potion of gain energy M - a blessed potion of invisibility m - 2 uncursed potions of levitation H - an uncursed potion of monster detection U - an uncursed potion of object detection l - a cursed potion of see invisible u - a blessed potion of sickness Rings ('=') v - an uncursed +3 ring of adornment p - an uncursed ring of free action V - an uncursed ring of free action Z - an uncursed +0 ring of increase accuracy G - an uncursed ring of invisibility (on right hand) I - an uncursed ring of polymorph control F - an uncursed ring of regeneration f - an uncursed ring of shock resistance Wands ('/') Q - an uncursed wand of digging (0:5) O - an uncursed wand of digging (0:3) P - an uncursed wand of fire (0:4) W - an uncursed wand of locking (0:5) K - an uncursed wand of opening (0:3) T - an uncursed wand of slow monster (0:4) x - an uncursed wand of speed monster (0:5) J - an uncursed wand of speed monster (0:4) s - an uncursed wand of teleportation (0:3) Tools ('(') h - an uncursed very corroded +0 pick-axe (weapon in hand) L - an uncursed skeleton key j - an uncursed +0 unicorn horn MaestroSpook the Monk's attributes: Background: You were an Initiate, a level 9 female human Monk. You were lawful, on a mission for Shan Lai Ching who was opposed by Chih Sung-tzu (neutral) and Huan Ti (chaotic). You were in Sokoban, on level 3. You entered the dungeon 7749 turns ago. You had 5061 experience points, 59 more were needed to attain level 10. Basics: You had 0 out of 68 hit points. You had 2 out of 44 energy points (spell power). Your armor class was 5. Your wallet contained 276 zorkmids. Autopickup was on for '$%?!"=/*', with exceptions. Final Characteristics: Your strength was 25 (base:18/04, innate limit:18/100). Your dexterity was 9 (limit:18). Your constitution was 16 (limit:18). Your intelligence was 10 (limit:18). Your wisdom was 12 (peak:13, limit:18). Your charisma was 8 (limit:18). Final Status: You were not hungry. You were unencumbered. You were wielding a pick-axe. You had no skill with pick-axe. Final Attributes: You were piously aligned. You were sleep resistant. You were poison resistant. You saw invisible. You were telepathic. You were warned. You had automatic searching. You were invisible to others. You were stealthy. You were guarded. You were fast. You were unlucky. You are dead. Miscellaneous: You disabled loading of bones levels. Total elapsed playing time was 2 hours, 15 minutes and 27 seconds. Major events: Turn 1: MaestroSpook the lawful female human Monk entered the dungeon 728: attained the rank of Novice (level 3) 1895: entered Sokoban 1989: attained the rank of Initiate (level 6) 2131: entered the Gnomish Mines 4818: completed 1st Sokoban level 5457: completed 2nd Sokoban level 5809: completed 3rd Sokoban level 7311: completed 4th Sokoban level 7749: killed by an ochre jelly Vanquished creatures: a giant mimic 2 stalkers 2 wargs a wood golem an ochre jelly an energy vortex a soldier 2 crocodiles 2 quivering blobs a cockatrice a winter wolf cub a gremlin 2 leprechauns an iron piercer a giant spider a scorpion a vampire bat an ogre a brown pudding a yeti a werewolf a lizard a chickatrice 2 dingoes 2 housecats 3 jaguars a black unicorn 2 gnome mummies 4 apes 2 soldier ants an imp an orc shaman a rock piercer a rock mole 2 ponies 2 shriekers 2 violet fungi 21 gnome leaders 4 gnomish wizards a kobold mummy a gray ooze an elf zombie a paper golem a giant ant a kitten 5 dwarves a homunculus a giant bat 6 monkeys 3 orc zombies 5 iguanas 2 killer bees 6 coyotes 3 manes 3 hobgoblins 2 giant rats 6 cave spiders a yellow mold a green mold 54 gnomes 3 geckos 6 jackals a fox 3 goblins 2 sewer rats 6 grid bugs 9 lichens 3 newts 217 creatures vanquished. No species were genocided or became extinct. Voluntary challenges: You were vegetarian. You read items or engraved 6 times. You engraved Elbereth 1 time. You never genocided any monsters. You never polymorphed an object. You never changed form. You used no wishes. You violated the special Sokoban rules twice. Achievements: You entered a shop. You attained the rank of Novice. You entered Sokoban. You attained the rank of Initiate. You entered the Gnomish Mines. You entered a temple. The Dungeons of Doom: levels 1 to 8 Level 1: Level 2: A weapon shop. Level 3: Stairs down to The Gnomish Mines. Level 4: An altar, many fountains, a sink. Level 5: A health food store, an altar, some fountains. Level 6: Many fountains. Oracle of Delphi. Level 7: A grave. Stairs up to Sokoban, level 6. Level 8: The Gnomish Mines: levels 4 to 11 Level 4: Level 5: Level 6: Level 7: Many shops, a temple, some fountains, a sink. Level 8: Level 9: Level 10: Level 11: A fountain. Sokoban: levels 6 up to 3 Level 3: <- You were here. Solved. Final resting place for you, killed by an ochre jelly. Level 4: Solved. Level 5: Solved. Level 6: Solved. Game over: ---------- / \ / REST \ / IN \ / PEACE \ / \ | MaestroSpook | | 276 Au | | killed by an | | ochre jelly | | | | | | 2023 | *| * * * | * _________)/\\_//(\/(/\)/\//\/|_)_______ Goodbye MaestroSpook the Monk... You died in Sokoban on dungeon level 3 with 15599 points, and 276 pieces of gold, after 7749 moves. You were level 9 with a maximum of 68 hit points when you died.